 Dungeon Crawl Stone Soup version 0.32-a0-19-g28bc0835a1 (webtiles) character file.

Game seed: 17417706146837674171

42 Bnni the Grave Robber (level 3, 0/26 HPs)
             Began as a Demonspawn Necromancer on Jan 17, 2024.
             Slain by a gnoll
             ... wielding a +0 flail
              (2 damage)
             ... on level 2 of the Dungeon.
             The game lasted 00:02:53 (1633 turns).

Bnni the Grave Robber (Demonspawn Necromancer)      Turns: 1633, Time: 00:02:53

Health: 0/26       AC:  2    Str:  8    XL:     3   Next: 33%
Magic:  3/6        EV: 12    Int: 17    God:
Gold:   47         SH:  0    Dex: 13    Spells: 2/6 levels left

rFire   . . .        i - +0 hand axe
rCold   . . .        (no shield)
rNeg    . . .        a - +0 robe
rPois   .            (no helmet)
rElec   .            (no cloak)
rCorr   .            (no gloves)
SInv    .            (no boots)
Will    .....        (no amulet)
Stlth   ++           (no ring)
HPRegen 0.24/turn    (no ring)
MPRegen 0.10/turn

%: no passive effects
@: no status effects
A: foul stench 1, powered by death 1
a: no special abilities


You were on level 2 of the Dungeon.
You visited 1 branch of the dungeon, and saw 2 of its levels.

You collected 47 gold pieces.

Inventory:

Hand Weapons
 i - a +0 hand axe (weapon)
Armour
 a - a +0 robe (worn)
 g - a +0 leather armour
Wands
 j - a wand of iceblast (7)
Scrolls
 c - 2 scrolls of identify {unknown}
 f - 2 scrolls of revelation {unknown}
 h - 2 scrolls of noise {unknown}
Potions
 b - a potion of magic
 d - 2 potions of brilliance {unknown}
 e - a potion of haste {unknown}


   Skills:
 + Level 1.3 Fighting
 - Level 1.7 Dodging
 - Level 1.7 Stealth
 + Level 2.4 Spellcasting
 * Level 5.1 Necromancy


You had 2 spell levels left.
You knew the following spells:

 Your Spells              Type           Power      Damage    Failure   Level
a - Necrotise             Necr           76%        1d7       2%          1
c - Vampiric Draining     Necr           19%        2d7       7%          3

Your spell library contained the following spells:

 Spells                   Type           Power      Damage    Failure   Level
 Animate Dead             Necr           19%        N/A       22%         4
 Curse of Agony           Necr           19%        N/A       54%         5


Dungeon Overview and Level Annotations

Branches:
Dungeon (2/15)

Altars:

Shops:
D:1 :


Innate Abilities, Weirdness & Mutations

You may rarely emit foul miasma when damaged in melee.
You regenerate a little health from kills.


Message History

There is a large open door here.
Aiming: Necrotise (safe; 2% risk of failure)
Press: ? - help, Q - select action, (/) - cycle Shift-Dir - straight line, f - gnoll
Aim: a gnoll, wielding a +0 spear (asleep, ally target, chance to affect: 84%)
The gnoll writhes in agony.
The gnoll hits you from afar with a +0 spear.
Unknown command.
A gnoll comes into view. It is wielding a +0 club.
Found 30 gold pieces and a sedimented dark potion.
The gnoll shouts!
The gnoll hits you with a +0 spear.
There is a large open door here.
You barely miss the gnoll.
The gnoll is lightly wounded.
The gnoll shouts!
The gnoll hits you with a +0 spear!
Casting: Necrotise (safe; 2% risk of failure)
Confirm with . or Enter, or press ? or * to list all spells.
Aiming: Vampiric Draining (quite dangerous; 7% risk of failure)
Press: ? - help, Shift-Dir - straight line, f/p - gnoll
Aim: a gnoll, wielding a +0 spear (lightly wounded, ally target)
You draw life force from the gnoll.
You feel life coursing into your body.
Unknown command.
You swap places.
The gnoll hits your hobgoblin skeleton with a +0 flail.
The gnoll misses you.
There is a large open door here.
You swap places.
Your rat skeleton crumbles into dust!
The gnoll hits your hobgoblin skeleton with a +0 spear.
Your hobgoblin skeleton is destroyed!
The gnoll attacks as it pursues you! The gnoll hits you with a +0 flail.
Okay, then.
The gnoll misses you. The gnoll attacks as it pursues you!
The gnoll hits you with a +0 flail. The gnoll attacks as it pursues you!
The gnoll hits you from afar with a +0 spear.
* * * LOW HITPOINT WARNING * * *
The gnoll hits you with a +0 flail.
You die...

#...#..........
#...#.........$ #...#
#'# #...###'#######
#...##g........
#...#..........
#...g..........
#####g##.........
#####...@.##.........
#.....######.........
#+###.#######
##########
#..#.........
###...........
#....#........
#...>#........
###....#........
#......#........


You could see 3 gnolls.

Vanquished Creatures
  An adder (D:2)
  2 dart slugs (D:1)
  2 bats
  2 endoplasms (D:1)
  A giant cockroach (D:1)
  2 goblins (D:1)
  2 hobgoblins
  3 jackals (D:1)
  A kobold (D:2)
  2 quokkas
  4 ball pythons (D:1)
  2 frilled lizards (D:1)
  A rat (D:2)
25 creatures vanquished.

Notes
Turn   | Place    | Note
-------+----------+-------------------------------------------
     0 | D:1      | Bnni the Demonspawn Necromancer began the quest for the
                  | Orb.
     0 | D:1      | Reached XP level 1. HP: 13/13 MP: 3/3
   139 | D:1      | Found a faded altar of an unknown god.
   218 | D:1      | Gained mutation: You may rarely emit foul miasma when
                  | damaged in melee. [demonic ancestry]
   218 | D:1      | Reached XP level 2. HP: 13/20 MP: 1/5
   675 | D:1      | Found Hiocsov's Book Emporium.
  1034 | D:1      | Reached skill level 1 in Fighting
  1399 | D:2      | Reached skill level 5 in Necromancy
  1412 | D:2      | Gained mutation: You regenerate a little health from kills.
                  | [demonic ancestry]
  1412 | D:2      | Reached XP level 3. HP: 26/26 MP: 4/6
  1416 | D:2      | Learned a level 3 spell: Vampiric Draining
  1633 | D:2      | Slain by a gnoll

Illustrated notes

Levels and vault maps discovered:
D:1:      minmay_arrival_floating_metal, layout_basic,
          shapermc_ecumenical_altar_mp_highgroup, serial_shops, shop
D:2:      layout_basic

Skill      XL: |  1  2 |
---------------+-------+-----
Fighting       | 1 |  1.3
Necromancy     | 5 |  5.1
Dodging        | |  1.7
Stealth        | |  1.7
Spellcasting   | |  2.4

Action                     || total
---------------------------++-------
  Melee: Hand axe          ||    18
   Cast: Necrotise         ||    39
         Vampiric Draining ||     1
   Stab: Sleeping          ||     1
 Armour: Robe              ||    22
  Dodge: Dodged            ||    33

Table legend: (Time is in decaauts)
 A = Elapsed time spent in this place.
 B = Non-inter-level travel time spent in this place.
 C = Inter-level travel time spent in this place.
 D = Time resting spent in this place.
 E = Time spent auto-exploring this place.
 F = Levels seen in this place.
 G = Mean time per level.
                   A        B        C        D        E       F      G
               +--------+--------+--------+--------+--------+-----+--------+
         Total |   1657 |   1585 |     72 |      0 |   1416 |   2 |  828.5 |
       Dungeon |   1657 |   1585 |     72 |      0 |   1416 |   2 |  828.5 |
               +--------+--------+--------+--------+--------+-----+--------+

Top non-repeatable levels by time:
     D:1: 1415 daAuts
     D:2: 241 daAuts
